 Dungeon Crawl Stone Soup version 0.23.0-41-g86b089e62c (webtiles) character file.

Game seed: 4717771083983147727

26 Descartes the Sneak (level 3, -1/17 HPs)
             Began as a Vine Stalker Enchanter on Feb 27, 2019.
             Slain by a worm (4 damage)
             ... on level 2 of the Dungeon.
             The game lasted 00:02:45 (1377 turns).

Descartes the Sneak (Vine Stalker Enchanter)        Turns: 1377, Time: 00:02:47

Health: -1/17      AC:  3    Str: 10    XL:     3   Next: 8%
Magic:  0/7        EV: 12    Int: 15    God:
Gold:   131        SH:  0    Dex: 15    Spells: 5/6 levels left

rFire    + . .     SeeInvis .   n - -3 dagger (curse)
rCold    x . .     Gourm    .   (no shield)
rNeg     . . .     Faith    .   b - +1 robe
rPois    .         Spirit   +   (no helmet)
rElec    .         Reflect  .   (no cloak)
rCorr    .         Harm     .   (no gloves)
MR       .....                  (no boots)
Stlth    +++.......             (no amulet)
HPRegen  0.05/turn              o - ring of fire
MPRegen  0.10/turn              (no ring)

@: no status effects
A: fangs 2, magic shield, antimagic bite, no potion heal 3, rot immunity
a: no special abilities


You were on level 2 of the Dungeon.
You were hungry.

You visited 1 branch of the dungeon, and saw 2 of its levels.

You collected 131 gold pieces.

Inventory:

Hand Weapons
 a - a +1 dagger
 g - a +0 hunting sling
 l - a +2 whip of electrocution
 n - a cursed -3 dagger (weapon)
Missiles
 h - 77 stones
 i - 6 needles of sleeping (quivered)
Armour
 b - a +1 robe (worn)
Jewellery
 o - a ring of fire (left hand)
Scrolls
 e - 2 scrolls of blinking
 k - 2 scrolls of enchant armour
Potions
 f - 2 potions of degeneration {unknown}
 j - 2 potions of curing {unknown}
 m - a potion of brilliance {unknown}
Comestibles
 c - 2 chunks of flesh
 d - 4 rations


   Skills:
 + Level 0.3 Fighting
 + Level 1.0 Short Blades
 + Level 1.6 Dodging
 * Level 4.1 Stealth
 * Level 0.8 Unarmed Combat
 * Level 2.4 Spellcasting
 * Level 3.3 Hexes


You had 5 spell levels left.
You knew the following spells:

 Your Spells              Type           Power        Failure   Level  Hunger
a - Corona                Hex            ##.....      5%          1    #......

Your spell library contained the following spells:

 Spells                   Type           Power        Failure   Level  Hunger
 Ensorcelled Hibernation  Hex/Ice        #.....       16%         2    ###....
 Confuse                  Hex            ##......     16%         3    ###....
 Tukima's Dance           Hex            ##......     16%         3    ###....
 Dazzling Spray           Conj/Hex       #.....       32%         3    ###....


Dungeon Overview and Level Annotations

Branches:
Dungeon (2/15)

Altars:


Innate Abilities, Weirdness & Mutations

You have extremely sharp teeth.
When hurt, damage is shared between your health and your magic reserves.
Your bite disrupts and absorbs the magic of your enemies.
Potions cannot restore your health.
You are immune to rotting.


Message History

You hit the worm but do no damage.
The worm is moderately wounded.
The worm closely misses you.
You hit the worm but do no damage.
The worm is moderately wounded.
The worm closely misses you.
You hit the worm. You bite the worm. You drain its power.
You feel invigorated.
The worm is heavily wounded.
You are feeling hungry.
You hit the worm but do no damage.
The worm is heavily wounded.
The worm bites you.
* * * LOW HITPOINT WARNING * * *
You hit the worm but do no damage. You bite the worm. You drain its power.
You feel invigorated.
The worm is heavily wounded.
You hit the worm.
The worm is severely wounded.
The worm bites you!
You die...

#..... .....#
....# #...#
#..[# #...#
#...##########
#.............
#.#.##@######
#.##w#### #
#.##....# .
#.##.........#
.
#.#######..g.#
. #.# ##.# .
#.# # . #.# .
#.# #


You could see a worm.

Vanquished Creatures
  An ooze (D:1)
  2 dart slugs (D:1)
  2 bats
  3 goblins (D:1)
  2 hobgoblins
  3 jackals (D:2)
  A frilled lizard (D:1)
  3 rats
17 creatures vanquished.

Notes
Turn   | Place    | Note
-------+----------+-------------------------------------------
     0 | D:1      | Descartes the Vine Stalker Enchanter began the quest for
                  | the Orb.
     0 | D:1      | Reached XP level 1. HP: 9/9 MP: 4/4
   111 | D:1      | Reached skill level 1 in Short Blades
   111 | D:1      | Reached XP level 2. HP: 9/13 MP: 4/6
   915 | D:2      | Reached skill level 4 in Stealth
   964 | D:2      | Reached XP level 3. HP: 6/17 MP: 7/7
  1377 | D:2      | Slain by a worm

Skill      XL: |  1  2 |
---------------+-------+-----
Short Blades   | 1 |  1.0
Stealth        | 4 |  4.1
Fighting       | |  0.3
Dodging        | |  1.6
Unarmed Combat | |  0.8
Spellcasting   | |  2.4
Hexes          | |  3.3

Action                   || total
-------------------------++-------
Melee: Dagger            ||    99
       Bite              ||    26
  Use: Scroll            ||     3
 Stab: Sleeping          ||     7
  Eat: Chunk             ||     1
Armor: Robe              ||    12
Dodge: Dodged            ||    53
